Map: Moonlight Madness LE (Void)

Players

Snow - Winner!

  • Race: Zerg Zerg
  • League: Grandmaster

Noodles

  • Race: Terran Terran
  • League: Bronze

VOD

Have the link to the VOD?

Description

I do a fast expand into making a wide variety of terran units. Send them to the enemy base and micro. Very fun game.

Time

  • Played on: Aug. 13, 2015, 12:37 a.m.
  • Length: 11:23
Show
View Real Time Build Order
Export as new Build Order

Snow Zerg - Winner!

Build Orders: Hatch First 

Get SALT Encoding   

  12  0:01  Drone  
  13  0:08  Drone  
  14  0:15  Drone, Extractor  
  15  0:22  Overlord  
  15  0:45  Drone  
  16  0:51  Drone  
  16  0:52  Hatchery  
  16  0:55  Drone  
  17  1:11  Spawning Pool  
  17  1:13  Drone  
  17  1:18  Drone, Extractor  
  16  1:21  Drone  
  18  1:29  Drone  
  19  1:39  Overlord  
  19  1:58  Zergling x2  
  19  1:59  Queen  
  23  2:01  Zergling x2  
  23  2:04  Queen  
  23  2:05  Drone  
  26  2:14  Drone  
  27  2:20  Drone  
  28  2:26  Metabolic Boost  
  28  2:28  Drone x2  
  30  2:36  Drone  
  31  2:40  Drone  
  31  2:43  Overlord  
  32  2:52  Drone  
  32  2:54  Drone  
  34  3:01  Drone  
  35  3:06  Queen x2  
  35  3:09  Hatchery  
  38  3:14  Drone x3  
  38  3:15  Drone  
  42  3:22  Drone x2, Overlord  
  44  3:42  Drone x2  
  44  3:43  Drone  
  47  3:52  Drone  
  47  3:53  Zergling x2  
  47  3:54  Zergling x6  
  52  3:55  Overlord x2  
  52  4:15  Evolution Chamber x2, Zergling x2  
  52  4:16  Zergling x12  
  57  4:25  Queen  
  57  4:27  Drone  
  57  4:28  Drone x3  
  63  4:49  Zergling x2  
  63  4:50  Zergling x20  
  74  4:54  Zerg Ground Armor Level 1  
  74  4:55  Baneling Nest  
  73  5:16  Drone  
  73  5:19  Overlord x4  
  73  5:20  Overlord  
  74  5:22  Hatchery  
  74  5:26  Extractor x2  
  74  5:27  Extractor  
  70  5:40  Drone x5, Roach Warren  
  70  5:42  Lair  
  74  6:03  Drone  
  74  6:04  Drone x18  
  88  6:06  Extractor  
  88  6:09  Zerg Missile Weapons Level 1, Extractor  
  91  6:17  Drone  
  91  6:18  Drone x2  
  94  6:40  Glial Reconstitution  
  94  6:45  Infestation Pit  
  94  6:46  Drone x2  
  94  6:47  Drone x4  
  99  7:00  Zergling x22  
  99  7:01  Zergling x14  
  116  7:07  Centrifical Hooks  
  112  7:25  Baneling  
  112  7:26  Baneling x27  
  112  7:27  Baneling x7  
  105  7:50  Queen  
  81  8:10  Overseer x2, Queen x2  
  81  8:11  Queen  
  84  8:26  Spire, Queen  
  82  8:37  Zergling x2  
  82  8:38  Zergling x44  
  82  8:39  Zergling x12  
  111  9:30  Baneling  
  111  9:31  Baneling x18  
  111  9:32  Baneling x21  
  111  9:43  Corruptor  
  111  9:44  Corruptor x3  
  119  9:59  Overlord x4  
  119  10:00  Overlord x4  
  119  10:06  Spore Crawler  
  118  10:08  Spore Crawler  
  117  10:15  Spore Crawler  
  117  10:21  Corruptor x5  
  116  10:22  Corruptor x4  
Show
View Real Time Build Order
Export as new Build Order

Noodles Terran 

Build Orders: Command Center First (CC), MMM Bio 

Get SALT Encoding   

  12  0:01  SCV  
  13  0:14  SCV  
  14  0:26  SCV  
  15  0:46  Command Center  
  15  0:58  Supply Depot  
  15  1:02  Refinery  
  15  1:05  Refinery  
  15  1:20  SCV  
  15  1:22  Barracks  
  16  1:32  SCV  
  17  1:44  SCV  
  18  1:56  SCV  
  18  1:58  SCV  
  20  2:10  Factory  
  20  2:12  Marine  
  20  2:13  Orbital Command  
  21  2:20  Orbital Command  
  21  2:33  Marine  
  22  2:40  SCV  
  23  2:49  SCV  
  24  2:52  SCV  
  25  3:01  SCV, Starport  
  25  3:04  SCV  
  27  3:10  Factory Tech Lab, Barracks Reactor  
  27  3:12  Supply Depot  
  27  3:13  SCV  
  27  3:16  Refinery  
  27  3:18  Refinery  
  28  3:24  Supply Depot  
  28  3:28  SCV x2  
  28  3:31  Armory  
  30  3:36  Supply Depot  
  30  3:40  SCV, Siege Tank  
  34  3:44  SCV  
  35  3:50  Marine  
  35  3:51  Supply Depot  
  35  3:52  SCV  
  35  3:53  Marine  
  38  3:57  SCV  
  38  4:01  Starport Tech Lab  
  39  4:05  Supply Depot  
  39  4:08  Marine  
  40  4:10  Marine  
  41  4:19  Thor  
  47  4:30  Marine x2  
  49  4:31  SCV x2  
  49  4:33  Raven  
  53  4:43  SCV  
  54  4:47  Marine  
  54  4:50  SCV  
  56  4:54  Marine  
  56  4:55  Supply Depot, SCV  
  56  4:57  Supply Depot  
  56  4:59  Supply Depot  
  58  5:07  Barracks  
  58  5:14  Barracks  
  58  5:15  Terran Vehicle And Ship Armor Level 1  
  58  5:19  Medivac  
  60  5:27  Reaper x2  
  62  5:31  Cyclone  
  65  5:40  SCV x2, Engineering Bay  
  67  5:49  Banshee  
  70  5:55  SCV x2  
  72  5:58  Barracks Tech Lab  
  72  6:07  SCV  
  72  6:08  Supply Depot  
  73  6:15  Thor  
  73  6:16  Barracks Tech Lab  
  73  6:18  Marine x3  
  81  6:22  Stimpack  
  82  6:28  SCV  
  82  6:29  SCV  
  82  6:30  Supply Depot  
  84  6:36  Marine x3  
  87  6:41  SCV  
  87  6:43  Marine  
  89  6:54  Marine x3  
  92  7:27  Marine x4  
  92  7:28  Siege Tank  
  92  7:29  Banshee  
  101  7:44  Marine  
  62  7:55  Liberator, Marine x3  
  61  8:02  Marine  
  56  8:12  Marine  
  56  8:13  Marine x2  
  57  8:26  Thor  
  63  8:28  Marine  
  63  8:30  Marine x2  
  63  8:31  Combat Shields, Marine  
  67  8:37  Barracks, Liberator  
  67  8:39  Barracks  
  67  8:41  SCV x2, Barracks  
  69  8:42  Barracks  
  69  8:44  Barracks  
  69  8:45  Marine  
  69  8:48  Marine x3  
  70  8:53  SCV x2  
  78  9:03  Marine  
  78  9:05  SCV  
  78  9:06  Marine x2  
  82  9:15  Marine  
  83  9:18  Siege Tank  
  83  9:21  Marine  
  83  9:24  Marine x2  
  89  9:32  Marine x5  
  89  9:33  Marine  
  89  9:37  Medivac  
  97  9:39  Marine  
  97  9:41  Marine  
  97  9:42  Marine  
  100  9:50  Marine x2  
  102  9:58  Marine x2  
  102  9:59  Marine x3  
  107  10:24  Marine  
  107  10:25  Marine x6  
  107  10:26  Marine x2  
  116  10:42  Marine x2  
  108  10:44  Marine x4  
  108  10:46  Marine x3  
  94  11:00  Supply Depot  
Tags
 
Add a new tag
Caveats
  • Supply blocks, unpowered buildings, or Contaminate may cause inaccurate times.
  • Supply counts are checked every 10 seconds.